 Dungeon Crawl Stone Soup version 0.25.1-2-g60ff931df9 (webtiles) character file.

Game seed: 11108547478623109159

784 hellfireifrit the Poker (level 7, -11/61 HPs)
             Began as a Grey Draconian Berserker on Nov 5, 2020.
             Was a Believer of Trog.
             Mangled by an orc warrior
             ... wielding a +0 hand axe
              (17 damage)
             ... on level 6 of the Dungeon.
             The game lasted 00:40:09 (4350 turns).

hellfireifrit the Poker (Grey Draconian Berserker)  Turns: 4350, Time: 00:40:09

Health: -11/61     AC: 11    Str: 21    XL:     7   Next: 55%
Magic:  7/7        EV: 13    Int:  7    God:    Trog [**....]
Gold:   252        SH:  3    Dex: 11    Spells: 6/6 levels left

rFire    . . .     SeeInvis .   D - +0 trident
rCold    . . .     Gourm    .   z - +0 buckler
rNeg     . . .     Faith    .   (armour unavailable)
rPois    .         Spirit   .   (helmet restricted)
rElec    .         Reflect  .   (no cloak)
rCorr    .         Harm     .   (no gloves)
MR       ++...                  (no boots)
Stlth    ++........             (no amulet)
HPRegen  1.20/turn              (no ring)
MPRegen  0.10/turn              (no ring)

@: berserk cooldown, regenerating, slowed, very slow
A: walk through water, unfitting armour, unbreathing, cold-blooded, AC +11
a: Berserk, Trog's Hand, Renounce Religion


You were on level 6 of the Dungeon.
You worshipped Trog.
Trog was pleased with you.
You were near starving.

You visited 1 branch of the dungeon, and saw 6 of its levels.

You collected 252 gold pieces.

Inventory:

Hand Weapons
 a - a +1 spear
 k - a +0 quarterstaff of protection
 m - a +1 halberd
 o - a +0 halberd
 w - a +0 vorpal hunting sling
 D - a +0 trident (weapon)
Missiles
 d - 222 stones (quivered)
Armour
 g - a +0 tower shield
 s - a scarf of repulsion
 z - a +0 buckler (worn)
Jewellery
 c - an uncursed ring of protection from magic {unknown}
 i - a cursed ring of teleportation {unknown}
Wands
 y - a wand of acid (10)
Scrolls
 f - a scroll of magic mapping
 h - 3 scrolls of fog
 q - 2 scrolls of amnesia
 r - a scroll of enchant armour
 v - a scroll of teleportation
Potions
 e - 2 potions of degeneration
 j - a potion of berserk rage {unknown}
 l - a potion of mutation
 n - a potion of flight {unknown}
 p - 3 potions of heal wounds
 t - a potion of lignification {unknown}
 u - a potion of curing
 A - a potion of magic {unknown}
 C - a potion of might {unknown}
Comestibles
 b - 9 rations


   Skills:
 + Level 5.3 Fighting
 + Level 6.1 Polearms
 + Level 2.5 Throwing
 + Level 4.3 Dodging
 + Level 1.7 Stealth


You had 6 spell levels left.
You didn't know any spells.
Your spell library was empty.

Dungeon Overview and Level Annotations

Branches:
Dungeon (6/15)
 Temple: D:4-7

Altars:
Ru
Uskayaw
Xom
Zin


Innate Abilities, Weirdness & Mutations

You can walk through water.
Your dull iron-grey scales are very hard. (AC +11)
You cannot fit into any form of body armour.
You can survive without breathing.
You are cold-blooded and may be slowed by cold attacks.


Message History

The orc closely misses you. The orc hits you but does no damage.
The hippogriff bites you but does no damage.
The hippogriff pecks you but does no damage.
The hippogriff claws you but does no damage.
The orc warrior hits you with a +0 hand axe!
Something hits you but does no damage. The orc barely misses you.
The orc hits you but does no damage. x2
The hippogriff bites you but does no damage.
The hippogriff pecks you. The hippogriff closely misses you.
You hit the orc warrior but do no damage.
The orc warrior is severely wounded.
The orc warrior hits you with a +0 hand axe!
* * * LOW HITPOINT WARNING * * *
Something hits you but does no damage. You block the orc's attack.
The orc misses you. The hippogriff barely misses you.
You block the hippogriff's attack. The hippogriff claws you.
* * * LOW HITPOINT WARNING * * *
The orc hits you but does no damage.
The orc warrior hits you with a +0 hand axe!
You die...

###... .....#
....# #...#
#...# #...## .
#.<..###...
#####.o#H....##
........@oo....#
####.##.o..#.#..
#. ###.## .. #
.# . .. .## ##


You could see a hippogriff, an orc warrior and 3 orcs.

Vanquished Creatures
  2 centaurs
  2 scorpions
  A crimson imp (D:5)
  A hound (D:5)
  2 orc priests
  3 worker ants
  2 orc wizards
  A hound skeleton (D:5)
  Robin (D:4)
  8 gnolls
  6 adders
  An adder skeleton (D:5)
  6 worms
  4 dart slugs
  5 leopard geckos
  14 orcs
  4 giant cockroaches
  18 goblins
  9 hobgoblins
  2 jackals (D:1)
  7 kobolds
  A quokka (D:3)
  6 bats
  8 frilled lizards
  A jackal skeleton (D:5)
  3 rats
118 creatures vanquished.

Notes
Turn   | Place    | Note
-------+----------+-------------------------------------------
     0 | D:1      | hellfireifrit the Draconian Berserker began the quest for
                  | the Orb.
     0 | D:1      | Reached XP level 1. HP: 19/19 MP: 1/1
   128 | D:1      | Reached XP level 2. HP: 26/26 MP: 2/2
   610 | D:1      | Reached XP level 3. HP: 33/33 MP: 3/3
  1145 | D:2      | Reached ** piety under Trog
  1397 | D:2      | Reached XP level 4. HP: 38/40 MP: 4/4
  1496 | D:2      | HP: 1/40 [gnoll/+0 halberd (9)]
  1498 | D:2      | Reached skill level 4 in Polearms
  1498 | D:2      | Reached skill level 1 in Throwing
  1822 | D:2      | Found a glowing silver altar of Zin.
  2217 | D:3      | Reached XP level 5. HP: 28/47 MP: 5/5
  2515 | D:3      | Reached skill level 1 in Stealth
  2580 | D:3      | Noticed a centaur
  2596 | D:3      | Killed a centaur
  2596 | D:3      | Reached XP level 6. HP: 34/53 MP: 6/6
  2728 | D:3      | Found a hide-covered altar of Uskayaw.
  2977 | D:4      | Found a shimmering altar of Xom.
  2977 | D:4      | Found a shimmering altar of Xom.
  2978 | D:4      | Found a shimmering altar of Xom.
  2978 | D:4      | Found a shimmering altar of Xom.
  3000 | D:4      | Reached skill level 5 in Polearms
  3028 | D:4      | Found a shimmering altar of Xom.
  3031 | D:4      | Found a shimmering altar of Xom.
  3051 | D:4      | Found a shimmering altar of Xom.
  3222 | D:4      | Noticed Robin
  3235 | D:4      | Killed Robin
  3455 | D:4      | Found a sacrificial altar of Ru.
  3667 | D:5      | Entered Level 5 of the Dungeon
  3703 | D:5      | Your scales start taking on a dull iron-grey colour.
  3703 | D:5      | Reached XP level 7. HP: 54/60 MP: 7/7
  3703 | D:5      | Gained mutation: You can survive without breathing. [Grey
                  | Draconian growth]
  3726 | D:5      | Reached skill level 5 in Fighting
  4034 | D:5      | Reached skill level 6 in Polearms
  4093 | D:5      | Reached *** piety under Trog
  4338 | D:6      | Noticed a hippogriff
  4350 | D:6      | Mangled by an orc warrior

Illustrated notes

Levels and vault maps discovered:
D:1:      minmay_arrival_pointy, layout_basic, hangedman_decor_clover_reticule,
          minmay_misc_feat_encased
D:2:      cheibrodos_helix_gallery, layout_rooms, marbit_many_paths
D:3:      layout_rooms, overflow_temple_1_default, minmay_quantized
D:4:      layout_cave_pools, nicolae_xom_altar_mimics, first_ration,
          nicolae_ru_path_of_blood, uniq_robin
D:5:      layout_cave_pools
D:6:      layout_cave_pools, minmay_temple_entry_grid,
          gammafunk_ghost_gnarly_gnolls, enter_ossuary_2, nrook_mini_backslash,
          minmay_manual_maat, uniq_grinder

Skill      XL: |  1  2  3  4  5  6  7 |
---------------+----------------------+-----
Dodging        | 3 4 |  4.3
Fighting       | 4 5 |  5.3
Polearms       | 4 5 6 |  6.1
Throwing       | 1 2 |  2.5
Stealth        | 1 |  1.7

Action                   |  1- 3 |  4- 6 |  7- 9 || total
-------------------------+-------+-------+-------++-------
Melee: Spear             |   125 |   234 |   108 ||   467
       Tailslap          |    10 |    27 |    19 ||    56
       Trident           |       |       |    11 ||    11
Throw: Stone             |    40 |    79 |    13 ||   132
Invok: Berserk           |     1 |     4 |     2 ||     7
       Trog's Hand       |     1 |     8 |     2 ||    11
  Use: Scroll            |     3 |     6 |     6 ||    15
 Stab: Sleeping          |       |     5 |     2 ||     7
  Eat: Chunk             |     1 |     9 |       ||    10
       Ration            |       |     2 |     1 ||     3
Armor: Skin              |    25 |    38 |    51 ||   114
Dodge: Dodged            |    78 |   136 |    74 ||   288
Block: Buckler           |       |       |     9 ||     9
